 Dungeon Crawl Stone Soup version 0.31-a0-833-gc15d34cb79 (webtiles) character file.

Game seed: 2001461751794014872

242 DApurpleWHUMPUS the Magician (level 5, -11/28 HPs)
             Began as a Deep Elf Conjurer on Sept 25, 2023.
             Mangled by Edmund
             ... wielding a +2 heavy dire flail
              (25 damage)
             ... on level 4 of the Dungeon.
             The game lasted 00:08:43 (3315 turns).

DApurpleWHUMPUS the Magician (Deep Elf Conjurer)    Turns: 3315, Time: 00:08:43

Health: -11/28     AC:  3    Str:  4    XL:     5   Next: 82%
Magic:  6/15       EV: 12    Int: 25    God:
Gold:   130        SH:  0    Dex: 13    Spells: 11/16 levels left

rFire   . . .        u - staff of cold
rCold   + . .        (no shield)
rNeg    . . .        a - +0 robe
rPois   .            (no helmet)
rElec   .            n - +0 cloak
rCorr   .            (no gloves)
SInv    .            (no boots)
Will    .....        (no amulet)
Stlth   ++           (no ring)
HPRegen 0.24/turn    (no ring)
MPRegen 0.14/turn

%: no passive effects
@: no status effects
A: no striking features
a: no special abilities


You were on level 4 of the Dungeon.
You visited 1 branch of the dungeon, and saw 4 of its levels.

You collected 130 gold pieces.

Inventory:

Hand Weapons
 j - a +2 heavy mace
Missiles
 s - a throwing net
Armour
 a - a +0 robe (worn)
 n - a +0 cloak (worn)
Magical Staves
 u - a staff of cold (weapon)
Scrolls
 f - a scroll of vulnerability {unknown}
 g - 2 scrolls of identify {unknown}
 h - 3 scrolls of poison {unknown}
 i - 2 scrolls of fear {unknown}
 k - a scroll of butterflies {unknown}
 m - a scroll of teleportation {unknown}
 r - a scroll of noise {unknown}
 t - 2 scrolls of acquirement {unknown}
 w - a scroll of torment {unknown}
Potions
 b - a potion of magic
 c - 2 potions of curing {unknown}
 d - 2 potions of enlightenment {unknown}
 e - 2 potions of degeneration {unknown}
 l - a potion of haste {unknown}
 o - a potion of attraction {unknown}
 p - a potion of brilliance {unknown}
 q - a potion of mutation {unknown}
 v - a potion of resistance {unknown}


   Skills:
 - Level 2.4 Dodging
 - Level 2.4 Stealth
 * Level 6.2 Spellcasting
 + Level 6.1 Conjurations
 + Level 1.4 Translocations


You had 11 spell levels left.
You knew the following spells:

 Your Spells              Type           Power      Damage    Failure   Level
a - Magic Dart            Conj           100%       1d8       1%          1
b - Searing Ray           Conj           76%        2d7       1%          2
c - Blink                 Tloc           28%        N/A       6%          2

Your spell library contained the following spells:

 Spells                   Type           Power      Damage    Failure   Level
 Momentum Strike          Conj/Tloc      52%        3d9       2%          2
 Lesser Beckoning         Tloc           28%        N/A       6%          2
 Dazzling Flash           Conj/Hex       46%        N/A       6%          3
 Hailstorm                Conj/Ice       34%        3d9       6%          3
 Freeze                   Ice            44%        1d6       8%          1
 Iskenderun's Mystic Bla  Conj/Tloc      26%        2d7       16%         4
 Fulminant Prism          Conj/Hex       11%        3d9       21%         4
 Call Canine Familiar     Summ           7%         N/A       22%         3
 Frozen Ramparts          Ice            22%        1d4       22%         3
 Sigil of Binding         Hex            7%         N/A       22%         3
 Dimensional Bullseye     Hex/Tloc       5%         N/A       47%         4
 Leda's Liquefaction      Hex/Erth       3%         N/A       58%         4


Dungeon Overview and Level Annotations

Branches:
Dungeon (4/15)
 Temple: D:4-7

Altars:
Fedhas
Ru

Annotations:
D:4 Edmund


Message History

Casting: Magic Dart (safe; 1% risk of failure)
Confirm with . or Enter, or press ? or * to list all spells.
Aiming: Searing Ray (safe; 1% risk of failure)
Press: ? - help, Shift-Dir - straight line, f/p - Edmund
Aim: Edmund, wielding a +2 heavy dire flail and wearing a +0 ring mail (83% to hit)
The searing ray hits Edmund!
Edmund is lightly wounded. (Press . to maintain the ray.)
Casting: Searing Ray (safe; 1% risk of failure)
Confirm with . or Enter, or press ? or * to list all spells.
Restarting spell: Searing Ray (safe; 1% risk of failure)
Press: ? - help, Shift-Dir - straight line, f/p - Edmund
Aim: Edmund, wielding a +2 heavy dire flail and wearing a +0 ring mail (lightly wounded, 83% to hit)
The searing ray hits Edmund!
Edmund is moderately wounded. (Press . to maintain the ray.) Edmund completely misses you.
The searing ray hits Edmund!
Edmund is heavily wounded.
Edmund hits you with a +2 heavy dire flail!
Ouch! That really hurt!
Unknown command.
The searing ray hits Edmund.
Edmund is severely wounded.
The searing ray hits Edmund but does no damage.
Edmund is severely wounded.
You finish channelling your searing ray.
Edmund barely misses you.
Casting: Searing Ray (safe; 1% risk of failure)
Confirm with . or Enter, or press ? or * to list all spells.
Aiming: Searing Ray (safe; 1% risk of failure)
Press: ? - help, Shift-Dir - straight line, f/p - Edmund
Aim: Edmund, wielding a +2 heavy dire flail and wearing a +0 ring mail (severely wounded, 83% to hit)
The searing ray hits Edmund.
Edmund is severely wounded. (Press . to maintain the ray.) Edmund hits you with a +2 heavy dire flail!!
Ouch! That really hurt!
You die...
Edmund whines, "They better pay attention to me now!"

#..@ #####... #...#...
#+#...#+#@#####
#.......#.'...+
###...#####...###
##.'...'.#.†.....#
#..#####†#@#...#+#
#######.####....@#...#
#....<.....+.....##+##
#>.........#.....#
#..........###.#+#
#####..###...+.# ..##
##.### ..## ... #.# ##
..


You could see Edmund.

Vanquished Creatures
  A scorpion (D:2)
  A jelly (D:3)
  3 gnolls (D:3)
  5 adders
  2 worms
  4 dart slugs
  3 orcs
  4 ball pythons
  4 bats (D:1)
  7 endoplasms
  A giant cockroach (D:4)
  3 goblins (D:1)
  7 hobgoblins
  5 jackals
  A quokka (D:2)
  10 frilled lizards
  4 kobolds
  6 rats
71 creatures vanquished.

Notes
Turn   | Place    | Note
-------+----------+-------------------------------------------
     0 | D:1      | DApurpleWHUMPUS the Deep Elf Conjurer began the quest for
                  | the Orb.
     0 | D:1      | Reached XP level 1. HP: 10/10 MP: 6/6
   234 | D:1      | Reached XP level 2. HP: 15/15 MP: 4/8
   635 | D:1      | You fall into a shaft and drop 1 floor!
   723 | D:2      | Reached skill level 5 in Conjurations
   723 | D:2      | Reached XP level 3. HP: 18/19 MP: 0/10
  1253 | D:2      | Noticed a scorpion
  1269 | D:2      | Killed a scorpion
  1270 | D:2      | Reached skill level 5 in Spellcasting
  1270 | D:2      | Reached XP level 4. HP: 17/24 MP: 0/13
  2223 | D:3      | Learned a level 2 spell: Searing Ray
  2226 | D:3      | Learned a level 2 spell: Blink
  2313 | D:3      | Reached XP level 5. HP: 28/28 MP: 9/14
  2710 | D:3      | Reached skill level 1 in Translocations
  2860 | D:3      | Found a blossoming altar of Fedhas.
  2860 | D:3      | Found a sacrificial altar of Ru.
  3301 | D:4      | Noticed Edmund
  3315 | D:4      | Mangled by Edmund

Illustrated notes

Levels and vault maps discovered:
D:1:      dpeg_arrival_subterranean_lakeside_camping, layout_basic,
          minmay_lizard_king
D:2:      layout_loops_corners
D:3:      layout_loops_ring, nicolae_overflow_two_pavilions,
          corexii_corridor_pit, st_stairs_10
D:4:      nicolae_cairo_tiling_large, layout_rooms, uniq_ijyb, uniq_edmund

Skill      XL: |  1  2  3  4  5 |
---------------+----------------+-----
Spellcasting   | 4 5 6 |  6.2
Conjurations   | 5 6 |  6.1
Translocations | 1 |  1.4
Dodging        | |  2.4
Stealth        | |  2.4

Action                     |  1- 3 |  4- 6 || total
---------------------------+-------+-------++-------
  Melee: Unarmed           |    14 |       ||    14
   Cast: Magic Dart        |    71 |    85 ||   156
         Blink             |       |     4 ||     4
         Searing Ray       |       |     6 ||     6
 Armour: Robe              |    13 |    12 ||    25
  Dodge: Dodged            |    26 |    15 ||    41

Table legend: (Time is in decaauts)
 A = Elapsed time spent in this place.
 B = Non-inter-level travel time spent in this place.
 C = Inter-level travel time spent in this place.
 D = Time resting spent in this place.
 E = Time spent auto-exploring this place.
 F = Levels seen in this place.
 G = Mean time per level.
                   A        B        C        D        E       F      G
               +--------+--------+--------+--------+--------+-----+--------+
         Total |   3314 |   3260 |     54 |    579 |   2256 |   4 |  828.5 |
       Dungeon |   3314 |   3260 |     54 |    579 |   2256 |   4 |  828.5 |
               +--------+--------+--------+--------+--------+-----+--------+

Top non-repeatable levels by time:
     D:2: 1473 daAuts
     D:3: 1095 daAuts
     D:1: 635 daAuts
     D:4: 109 daAuts
